 Dungeon Crawl Stone Soup version 0.32-a0-18-g89e19f1974 (webtiles) character file.

Game seed: 11195740565731993564

7774 Malachi the Slicer (level 11, -5/83 HPs)
             Began as a Gnoll Wanderer on Jan 16, 2024.
             Was a Follower of Vehumet.
             Slain by a spriggan
             ... wielding a +0 trident
              (15 damage)
             ... in a bailey.
             The game lasted 00:17:32 (11742 turns).

Malachi the Slicer (Gnoll Wanderer)                Turns: 11742, Time: 00:17:32

Health: -5/83      AC: 10    Str: 11    XL:     11   Next: 20%
Magic:  23/23      EV: 13    Int: 15    God:    Vehumet [*.....]
Gold:   641        SH:  6    Dex: 13    Spells: 23/26 levels left

rFire   . . .        E - +2 short sword (venom)
rCold   + . .        b - +0 buckler
rNeg    . . .        F - +2 leather armour {Will+}
rPois   .            (no helmet)
rElec   .            u - +0 cloak
rCorr   .            (no gloves)
SInv    .            z - +2 pair of boots
Will    +....        (no amulet)
Stlth   +++          v - ring of wizardry
HPRegen 0.33/turn    l - ring of protection from cold
MPRegen 0.18/turn

%: wizardry (x1)
@: no status effects
A: fangs 1, strong nose, distributed training
a: Renounce Religion


You were in a bailey.
You worshipped Vehumet.
Vehumet was aware of your devotion.
You visited 2 branches of the dungeon, and saw 11 of its levels.
You also visited: Bailey.

You collected 641 gold pieces.

Inventory:

Hand Weapons
 d - a +4 short sword of protection
 E - a +2 short sword of venom (weapon)
Missiles
 q - a curare-tipped dart
 y - 45 poisoned darts
Armour
 b - a +0 buckler (worn)
 p - an orb of energy
 u - a +0 cloak (worn)
 z - a +2 pair of boots (worn)
 F - a +2 leather armour of willpower (worn)
Jewellery
 a - a +6 ring of intelligence
 h - a ring of willpower
 k - a ring of protection from fire
 l - a ring of protection from cold (right hand)
 v - a ring of wizardry (left hand)
 x - a ring of flight
Wands
 o - a wand of flame (70)
Scrolls
 c - a scroll of enchant armour {unknown}
 e - a scroll of fog
 g - 3 scrolls of amnesia
 i - 2 scrolls of butterflies
 m - 4 scrolls of fear
 n - 2 scrolls of silence
 s - a scroll of revelation
 A - a scroll of immolation {unknown}
 C - a scroll of blinking {unknown}
Potions
 f - 3 potions of attraction
 j - 2 potions of enlightenment
 t - 3 potions of resistance
 D - a potion of cancellation


   Skills:
 + Level 6.8 Fighting
 + Level 9.2 Short Blades
 + Level 6.3 Long Blades
 + Level 6.3 Axes
 + Level 6.3 Maces & Flails
 + Level 6.3 Polearms
 + Level 6.3 Staves
 + Level 6.3 Ranged Weapons
 + Level 6.3 Throwing
 + Level 6.8 Armour
 + Level 6.3 Dodging
 + Level 6.8 Stealth
 + Level 7.9 Shields
 + Level 6.3 Unarmed Combat
 + Level 8.1 Spellcasting
 + Level 5.2 Conjurations
 + Level 5.2 Hexes
 + Level 5.2 Summonings
 + Level 5.2 Necromancy
 + Level 5.2 Translocations
 + Level 5.2 Fire Magic
 + Level 5.2 Ice Magic
 + Level 5.2 Air Magic
 + Level 5.2 Earth Magic
 + Level 5.2 Alchemy
 + Level 6.9 Invocations
 + Level 6.3 Evocations
 + Level 5.7 Shapeshifting


You had 23 spell levels left.
You knew the following spells:

 Your Spells              Type           Power      Damage    Failure   Level
a - Apportation           Tloc           42%        N/A       1%          1
b - Ensorcelled Hibernat  Hex/Ice        42%        N/A       1%          2

Your spell library contained the following spells:

 Spells                   Type           Power      Damage    Failure   Level
 Freeze                   Ice            84%        1d9       1%          1
 Foxfire                  Conj/Fire      84%        2x1d8     1%          1
 Summon Small Mammal      Summ           84%        N/A       1%          1
 Call Canine Familiar     Summ           21%        N/A       2%          3
 Passwall                 Erth           21%        N/A       2%          3
 Summon Ice Beast         Ice/Summ       21%        N/A       2%          3
 Swiftness                Air            21%        N/A       2%          3
 Teleport Other           Tloc           21%        N/A       2%          3
 Leda's Liquefaction      Alch/Erth      10%        N/A       9%          4
 Summon Blazeheart Golem  Fire/Summ      21%        N/A       9%          4
 Lee's Rapid Deconstruct  Erth           10%        3d8*      26%         5
 Summon Mana Viper        Hex/Summ       21%        N/A       26%         5
 Bombard                  Conj/Erth      10%        9d3       77%         6
 Plasma Beam              Fire/Air       10%        2x1d21    77%         6
 Starburst                Conj/Fire      10%        6d5       77%         6
 Monstrous Menagerie      Summ           10%        N/A       99%         7


Dungeon Overview and Level Annotations

Branches:
Dungeon (10/15)            Temple (1/1) D:4            Lair (0/5) D:8
 Bailey (1/1)
    Orc: D:9-12

Altars:
Ashenzari
Cheibriados
Dithmenos
Elyvilon
Fedhas
Gozag
Hepliaklqana
Kikubaaqudgha
Makhleb
Nemelex Xobeh
Okawaru
Qazlal
Ru
Sif Muna
Trog
Uskayaw
Vehumet
Wu Jian
Xom
Yredelemnul
Zin
The Shining One

Shops:
D:9 :

Annotations:
D:9 Gastronok


Innate Abilities, Weirdness & Mutations

You have very sharp teeth.
Your uncanny sense of smell can sniff out nearby items.
Your experience applies equally to all skills.


Message History

You impale the spriggan!!
You kill the spriggan!
Vehumet accepts your kill.
The helpless spriggan fails to defend itself.
You impale the spriggan!!
You kill the spriggan!
Vehumet accepts your kill.
Things that are here:
a +0 halberd; an ogre corpse You start resting.
A spriggan comes into view. It is wielding a +0 trident.
A spriggan is nearby!
A spriggan is nearby!
You enter the shallow water.
Moving in this stuff is going to be slow.
You start resting.
A spriggan comes into view. It is wielding a +0 trident.
A spriggan is nearby!
A spriggan is nearby!
A spriggan is nearby!
You are too injured to fight recklessly!
You are too injured to fight recklessly!
You are too injured to fight recklessly!
The spriggan shouts! x2
The spriggan hits you from afar with a +0 trident!
* * * LOW HITPOINT WARNING * * *
You hear a shout!
The spriggan closely misses you.
Aiming: Throw Flame
Press: ? - help, Shift-Dir - straight line, f - spriggan
Aim: a spriggan, wielding a +0 trident (48% to hit)
The puff of flame misses the spriggan.
The spriggan barely misses you.
Okay, then.
You miss the spriggan.
The spriggan hits you from afar with a +0 trident!
* * * LOW HITPOINT WARNING * * *
You hit the spriggan.
The spriggan is poisoned.
The spriggan is lightly wounded.
The spriggan hits you with a +0 trident!
You die...

#######
###.....###
##.........##
##...........##
#....∩.i@∩....#
##...........##
##.....i...##
###~~~~~###
#~~~~~#
##~~~~~##
#.......##
#.........##
..♣##♣###..##


You could see 2 spriggans.

Vanquished Creatures
  A two-headed ogre (D:8)
  A centaur warrior (D:10)
  Pikel (D:8)
  Joseph (D:7)
  Jeremiah (D:7)
  Prince Ribbit (D:7)
  A hornet (D:8)
  3 spriggans (Bailey)
  A yak (D:7)
  6 water moccasins
  2 orc warriors
  3 black bears (D:8)
  3 sky beasts
  2 ice beasts
  5 ogres
  3 centaurs
  3 phantoms
  3 kobold brigands (D:8)
  2 gnoll sergeants (D:7)
  5 bullfrogs
  5 scorpions
  4 wights (D:6)
  6 killer bees (D:7)
  2 howler monkeys (D:7)
  A bombardier beetle (D:5)
  A jelly (D:7)
  4 orc priests
  3 hounds
  A sleepcap (D:6)
  2 iguanas
  3 orc wizards
  6 gnolls (D:7)
  6 adders
  3 shadow imps
  2 ufetubi (D:5)
  2 dart slugs
  A ribbon worm (D:2)
  29 orcs
  10 endoplasms
  3 giant cockroaches
  7 goblins
  8 hobgoblins
  6 jackals
  6 quokkas
  10 ball pythons
  4 bats
  4 frilled lizards
  18 kobolds
  6 rats
211 creatures vanquished.

Notes
Turn   | Place    | Note
-------+----------+-------------------------------------------
     0 | D:1      | Malachi the Gnoll Wanderer began the quest for the Orb.
     0 | D:1      | Malachi set off with the following items: a +2 short sword,
                  | a +0 buckler, a potion of berserk rage, a +0 robe; and the
                  | following spell memorised: Apportation; and the following
                  | spells available to memorise: Teleport Other.
     0 | D:1      | Reached XP level 1. HP: 17/17 MP: 6/6
    54 | D:1      | Reached XP level 2. HP: 21/23 MP: 7/7
   921 | D:2      | Reached skill level 5 in Spellcasting
   921 | D:2      | Reached XP level 3. HP: 28/28 MP: 7/9
  1237 | D:2      | Reached skill level 1 in Invocations
  1402 | D:2      | Reached skill level 1 in Long Blades
  1402 | D:2      | Reached skill level 1 in Axes
  1402 | D:2      | Reached skill level 1 in Maces & Flails
  1402 | D:2      | Reached skill level 1 in Polearms
  1402 | D:2      | Reached skill level 1 in Staves
  1402 | D:2      | Reached skill level 1 in Ranged Weapons
  1402 | D:2      | Reached skill level 1 in Throwing
  1402 | D:2      | Reached skill level 1 in Dodging
  1402 | D:2      | Reached skill level 1 in Unarmed Combat
  1402 | D:2      | Reached skill level 1 in Evocations
  1616 | D:2      | You fall into a shaft and drop 1 floor!
  1677 | D:3      | Reached skill level 1 in Shapeshifting
  1677 | D:3      | Reached XP level 4. HP: 34/34 MP: 11/11
  1950 | D:3      | Noticed a sky beast
  1979 | D:3      | Killed a sky beast
  1980 | D:3      | Reached skill level 1 in Conjurations
  1980 | D:3      | Reached skill level 1 in Hexes
  1980 | D:3      | Reached skill level 1 in Summonings
  1980 | D:3      | Reached skill level 1 in Necromancy
  1980 | D:3      | Reached skill level 1 in Translocations
  1980 | D:3      | Reached skill level 1 in Fire Magic
  1980 | D:3      | Reached skill level 1 in Ice Magic
  1980 | D:3      | Reached skill level 1 in Air Magic
  1980 | D:3      | Reached skill level 1 in Earth Magic
  1980 | D:3      | Reached skill level 1 in Alchemy
  1980 | D:3      | Reached XP level 5. HP: 3/41 MP: 12/12
  2695 | D:3      | Identified the +6 spear of Ru's Anger {flame, rF+ rC+ Str+8
                  | Dex-2}
  2876 | D:4      | Found a staircase to the Ecumenical Temple.
  2892 | D:4      | Reached XP level 6. HP: 47/47 MP: 14/14
  3008 | D:4      | Reached skill level 5 in Shields
  3853 | D:5      | Entered Level 5 of the Dungeon
  4065 | D:5      | Noticed an ice beast
  4075 | D:5      | Reached skill level 7 in Short Blades
  4075 | D:5      | Reached XP level 7. HP: 44/52 MP: 15/15
  5174 | D:5      | Learned a level 2 spell: Ensorcelled Hibernation
  5217 | D:6      | Reached XP level 8. HP: 53/60 MP: 16/16
  6243 | D:6      | Found an ancient bone altar of Kikubaaqudgha.
  6246 | D:6      | Found a white marble altar of Elyvilon.
  6249 | D:6      | Found a bloodstained altar of Trog.
  6523 | D:7      | Reached XP level 9. HP: 41/66 MP: 18/18
  6829 | D:7      | Noticed Prince Ribbit
  6845 | D:7      | Killed Prince Ribbit
  6846 | D:7      | Reached skill level 5 in Fighting
  6846 | D:7      | Reached skill level 5 in Armour
  7045 | D:7      | Reached skill level 5 in Stealth
  7236 | D:7      | Reached skill level 8 in Short Blades
  7810 | D:7      | Reached skill level 5 in Invocations
  7964 | D:7      | Noticed Joseph
  7988 | D:7      | Killed Joseph
  8318 | D:7      | Noticed Jeremiah
  8325 | D:7      | Killed Jeremiah
  8326 | D:7      | Reached skill level 5 in Long Blades
  8326 | D:7      | Reached skill level 5 in Axes
  8326 | D:7      | Reached skill level 5 in Maces & Flails
  8326 | D:7      | Reached skill level 5 in Polearms
  8326 | D:7      | Reached skill level 5 in Staves
  8326 | D:7      | Reached skill level 5 in Ranged Weapons
  8326 | D:7      | Reached skill level 5 in Throwing
  8326 | D:7      | Reached skill level 5 in Dodging
  8326 | D:7      | Reached skill level 5 in Unarmed Combat
  8326 | D:7      | Reached skill level 5 in Evocations
  8445 | D:7      | Reached XP level 10. HP: 71/76 MP: 20/20
  8605 | D:8      | Noticed a two-headed ogre
  8642 | D:8      | Killed a two-headed ogre
  8684 | D:8      | Found a hazy altar of Hepliaklqana.
  8827 | Temple   | Entered the Ecumenical Temple
  8845 | Temple   | Became a worshipper of Vehumet
  9341 | D:7      | HP: 1/114 [yak (9)]
  9344 | D:7      | Reached skill level 5 in Shapeshifting
  9670 | D:8      | Found a staircase to the Lair.
  9686 | D:8      | Noticed Pikel
  9709 | D:8      | Killed Pikel
 10069 | D:8      | Reached * piety under Vehumet
 10069 | D:8      | Offered knowledge of Freeze by Vehumet.
 10827 | D:9      | Found Megus's Book Boutique.
 10863 | D:9      | Reached skill level 9 in Short Blades
 11005 | D:9      | Noticed Gastronok
 11034 | D:10     | Entered Level 10 of the Dungeon
 11255 | D:10     | Noticed a centaur warrior
 11275 | D:10     | Killed a centaur warrior
 11276 | D:10     | Reached skill level 5 in Conjurations
 11276 | D:10     | Reached skill level 5 in Hexes
 11276 | D:10     | Reached skill level 5 in Summonings
 11276 | D:10     | Reached skill level 5 in Necromancy
 11276 | D:10     | Reached skill level 5 in Translocations
 11276 | D:10     | Reached skill level 5 in Fire Magic
 11276 | D:10     | Reached skill level 5 in Ice Magic
 11276 | D:10     | Reached skill level 5 in Air Magic
 11276 | D:10     | Reached skill level 5 in Earth Magic
 11276 | D:10     | Reached skill level 5 in Alchemy
 11276 | D:10     | Reached XP level 11. HP: 56/83 MP: 21/23
 11378 | D:10     | Found a hazy altar of Hepliaklqana.
 11588 | D:10     | Found a flagged portal.
 11607 | Bailey   | Entered a bailey
 11742 | Bailey   | Slain by a spriggan

Illustrated notes

Levels and vault maps discovered:
D:1:      lemuel_arrival_cross, layout_basic, minmay_pentomino_z2
D:2:      layout_basic
D:3:      layout_loops_cross
D:4:      layout_loops_corners, minmay_temple_entry_glassed_door
D:5:      layout_cave_pods
D:6:      layout_loops_cross, grunt_temple_overflow_diamond
D:7:      layout_loops_cross, kennysheep_dice, uniq_joseph, uniq_prince_ribbit1,
          uniq_jeremiah
D:8:      layout_loops_corners, due_lair_maze_entry_diamond,
          minmay_misc_feat_ornament, minmay_ruined_shrine, uniq_pikel
D:9:      layout_grid_maze, serial_shops, nicolae_stop_n_shop_2, uniq_gastronok
D:10:     layout_long_grid, lemuel_tele_altar, enter_bailey_3
Temple:   nicolae_temple_no_exploring_needed
Bailey:   bailey_polearm_enchanted_keep_hellmonk, bailey

Skill      XL: |  1  2  3  4  5  6  7  8  9 10 |
---------------+-------------------------------+-----
Spellcasting   | 5 6 7 8 |  8.1
Invocations    | 1 2 3 4 5 6 |  6.9
Long Blades    | 1 2 3 5 6 |  6.3
Axes           | 1 2 3 5 6 |  6.3
Maces & Flails | 1 2 3 5 6 |  6.3
Polearms       | 1 2 3 5 6 |  6.3
Staves         | 1 2 3 5 6 |  6.3
Ranged Weapons | 1 2 3 5 6 |  6.3
Throwing       | 1 2 3 5 6 |  6.3
Dodging        | 1 2 3 5 6 |  6.3
Unarmed Combat | 1 2 3 5 6 |  6.3
Evocations     | 1 2 3 5 6 |  6.3
Shapeshifting  | 1 2 3 4 5 |  5.7
Fighting       | 3 4 5 6 |  6.8
Armour         | 3 4 5 6 |  6.8
Conjurations   | 1 2 3 4 5 |  5.2
Hexes          | 1 2 3 4 5 |  5.2
Summonings     | 1 2 3 4 5 |  5.2
Necromancy     | 1 2 3 4 5 |  5.2
Translocations | 1 2 3 4 5 |  5.2
Fire Magic     | 1 2 3 4 5 |  5.2
Ice Magic      | 1 2 3 4 5 |  5.2
Air Magic      | 1 2 3 4 5 |  5.2
Earth Magic    | 1 2 3 4 5 |  5.2
Alchemy        | 1 2 3 4 5 |  5.2
Stealth        | 3 4 5 6 |  6.8
Shields        | 5 6 7 |  7.9
Short Blades   | 7 8 9 |  9.2

Action                     |  1- 3 |  4- 6 |  7- 9 | 10-12 || total
---------------------------+-------+-------+-------+-------++-------
  Melee: Short sword       |   113 |   160 |   470 |   376 ||  1119
         Bite              |     9 |    16 |    62 |    51 ||   138
  Evoke: Wand              |       |       |       |     7 ||     7
    Use: Scroll            |       |     6 |     4 |       ||    10
         Potion            |       |       |     4 |     5 ||     9
   Stab: Sleeping          |     7 |     8 |     4 |     6 ||    25
         Distracted        |     1 |       |       |     1 ||     2
         Paralysed         |       |       |       |     5 ||     5
 Armour: Robe              |    39 |    64 |    21 |       ||   124
         Leather armour    |       |       |   184 |   187 ||   371
  Dodge: Dodged            |    46 |    48 |   155 |   159 ||   408
  Block: Buckler           |    17 |    22 |    78 |    66 ||   183

Table legend: (Time is in decaauts)
 A = Elapsed time spent in this place.
 B = Non-inter-level travel time spent in this place.
 C = Inter-level travel time spent in this place.
 D = Time resting spent in this place.
 E = Time spent auto-exploring this place.
 F = Levels seen in this place.
 G = Mean time per level.
                   A        B        C        D        E       F      G
               +--------+--------+--------+--------+--------+-----+--------+
         Total |  11376 |  10777 |    599 |   2697 |   6076 |  12 |  948.0 |
       Dungeon |  11224 |  10631 |    593 |   2668 |   6053 |  10 | 1122.4 |
        Temple |     24 |     18 |      6 |      0 |      0 |   1 |   24.0 |
        Bailey |    127 |    127 |      0 |     29 |     22 |   1 |  127.0 |
               +--------+--------+--------+--------+--------+-----+--------+

Top non-repeatable levels by time:
     D:7: 2284 daAuts
     D:6: 1476 daAuts
     D:8: 1474 daAuts
     D:5: 1372 daAuts
     D:3: 1165 daAuts
     D:4: 1116 daAuts
     D:2: 880 daAuts
     D:1: 707 daAuts
    D:10: 552 daAuts
     D:9: 192 daAuts
  Bailey: 127 daAuts
  Temple: 24 daAuts
